Map: Blackpink LE

Players

Infinity - Winner!

  • Race: Terran Terran
  • League: Master
  • Spawn Location: 7:00

Maya

  • Race: Zerg Zerg
  • League: Master
  • Spawn Location: 1:00

VOD

Have the link to the VOD?

Description

Time

  • Played on: Jan. 7, 2018, 8:03 a.m.
  • Length: 13:58
Show
View Real Time Build Order
Export as new Build Order

Infinity Terran - Winner!

Build Orders: Reaper Expand, MMM Bio 

Get SALT Encoding   

  12  0:01  SCV  
  13  0:13  SCV  
  14  0:17  Supply Depot  
  14  0:25  SCV  
  15  0:39  SCV  
  15  0:40  Barracks  
  16  0:45  Refinery  
  16  0:51  SCV  
  17  1:03  SCV  
  18  1:15  SCV  
  19  1:28  Orbital Command  
  19  1:31  Reaper  
  20  1:43  Command Center  
  20  1:53  SCV  
  21  2:01  Supply Depot  
  21  2:05  SCV  
  22  2:08  Barracks Reactor  
  22  2:17  SCV  
  23  2:25  Factory  
  23  2:29  SCV  
  24  2:42  SCV  
  25  2:45  Marine x2  
  25  2:50  Refinery  
  27  2:54  SCV  
  27  2:55  Orbital Command  
  28  3:03  Marine x2  
  30  3:06  SCV  
  30  3:12  Starport  
  31  3:13  Widow Mine  
  31  3:18  SCV  
  34  3:21  SCV  
  34  3:22  Marine x2  
  37  3:30  SCV  
  37  3:33  SCV  
  39  3:40  Marine x2  
  41  3:42  SCV  
  41  3:45  SCV  
  41  3:46  Cyclone  
  45  3:52  Supply Depot  
  45  3:54  SCV  
  46  4:06  Marine x2  
  46  4:07  Medivac, Command Center  
  46  4:09  SCV  
  51  4:12  SCV  
  52  4:21  SCV  
  53  4:24  SCV, Marine x2  
  53  4:29  Engineering Bay  
  56  4:31  Engineering Bay  
  56  4:34  SCV  
  56  4:35  Supply Depot  
  56  4:36  SCV  
  56  4:37  Medivac  
  60  4:44  Marine x2  
  62  4:51  Refinery  
  62  4:53  Supply Depot, SCV x2  
  62  4:57  Terran Infantry Weapons Level 1  
  62  4:58  Terran Infantry Armor Level 1  
  64  5:01  Liberator  
  64  5:04  Marine x2  
  64  5:06  SCV  
  67  5:17  SCV  
  67  5:19  SCV  
  72  5:22  Marine x2  
  74  5:31  Factory Tech Lab  
  74  5:32  Barracks  
  74  5:33  SCV  
  74  5:35  Barracks  
  75  5:37  Orbital Command  
  75  5:42  Marine x2  
  77  5:44  SCV  
  78  5:51  SCV  
  78  5:52  Armory  
  78  5:56  SCV  
  80  6:03  SCV x2  
  80  6:08  SCV  
  80  6:14  Marine x2  
  80  6:15  SCV x2  
  78  6:20  SCV  
  75  6:27  SCV  
  75  6:31  Starport Reactor  
  75  6:32  Barracks Reactor  
  76  6:33  SCV  
  76  6:37  SCV, Barracks x2  
  79  6:41  Stimpack, Orbital Command  
  79  6:45  SCV, Marine  
  79  6:46  Marine x2  
  83  6:48  Factory Tech Lab  
  83  6:49  SCV  
  83  6:53  Terran Infantry Weapons Level 2, Supply Depot, Terran Infantry Armor Level 2  
  83  6:57  Refinery  
  83  6:58  SCV  
  84  7:01  SCV  
  84  7:03  Marine  
  84  7:04  Marine x2  
  88  7:09  SCV  
  88  7:10  SCV  
  88  7:11  Marine x2  
  88  7:13  SCV  
  93  7:18  Siege Tank  
  93  7:19  Refinery  
  93  7:20  Bunker  
  93  7:21  Medivac, Marine x2  
  93  7:22  Marine  
  101  7:23  SCV  
  101  7:25  SCV  
  101  7:29  Marine x2, Barracks Reactor  
  105  7:30  Barracks Tech Lab  
  105  7:34  Barracks  
  105  7:38  Barracks  
  105  7:39  SCV  
  105  7:42  Marine  
  105  7:43  Marine  
  108  7:47  Marine  
  108  7:51  Medivac, Marine  
  108  7:55  Refinery  
  108  7:57  Supply Depot  
  109  8:00  Supply Depot x2  
  109  8:01  Medivac, Supply Depot, Marine x3  
  109  8:02  Siege Tank  
  117  8:06  Marine x3  
  117  8:07  Marine  
  117  8:11  Marine  
  122  8:18  Supply Depot  
  122  8:19  Supply Depot, Marine x3  
  125  8:25  Medivac, Supply Depot  
  127  8:28  Barracks Tech Lab, Barracks Reactor  
  127  8:29  Marine x2  
  127  8:31  Medivac  
  131  8:34  Siege Tank  
  131  8:36  Marine x4  
  138  8:48  Marine x3  
  136  8:54  Factory  
  139  8:56  Marine x3  
  142  9:06  Siege Tank  
  142  9:07  Marine x5  
  142  9:08  Marine x2  
  142  9:09  Marine  
  153  9:13  Medivac x2  
  153  9:14  Marine  
  158  9:17  Combat Shields, Marine x2  
  158  9:18  Concussive Shells  
  158  9:23  Supply Depot  
  160  9:28  Marine  
  161  9:33  Marine x3  
  161  9:34  Marine x2  
  161  9:35  Marauder  
  160  9:38  Siege Tank  
  160  9:43  Medivac  
  160  9:46  Factory Tech Lab  
  160  9:49  Marine x2  
  160  9:51  Marine x2  
  160  9:52  Marine x4  
  164  9:53  Marauder x2  
  164  9:54  Medivac  
  164  9:55  Marine  
  172  10:01  Terran Infantry Weapons Level 3  
  172  10:06  Marine x2  
  174  10:08  Terran Infantry Armor Level 3  
  174  10:09  Marine x2  
  174  10:13  Medivac  
  174  10:14  Marauder  
  180  10:15  Marine  
  180  10:16  Marine x4  
  185  10:32  Marine x3  
  185  10:33  Marine  
  189  10:40  SCV  
  184  10:47  Marine x2  
  184  10:48  Marauder  
  147  11:01  Marine  
  147  11:02  Marauder x2, Marine x3  
  141  11:04  Unknown x2  
  141  11:05  Unknown, Marine  
  141  11:09  Marauder  
  144  11:14  Marine x3  
  147  11:19  Marine  
  147  11:20  Marine  
  147  11:21  Marine x2  
  147  11:23  Marine  
  147  11:24  Marauder x2  
  143  11:30  Marauder  
  143  11:32  Marine x3  
  132  11:36  Marine  
  132  11:38  Marine x2  
  132  11:39  Marine  
  128  11:41  Marine  
  128  11:45  Marauder x2  
  123  11:49  Marine x2  
  123  11:50  Marine  
  123  11:52  Marauder  
  124  11:54  Marine  
  124  11:56  Marine x3  
  124  11:59  Marine  
  128  12:04  Factory Tech Lab  
  128  12:06  Marine x2  
  128  12:07  Marine  
  131  12:09  Marine x2  
  131  12:12  Marine  
  131  12:13  Marine  
  131  12:14  Marine x3  
  138  12:16  Marine  
  139  12:24  Marine x2  
  134  12:38  Marauder, Marine  
  134  12:39  Marine  
  124  12:45  Marine x2  
  124  12:46  Marauder  
  124  12:48  Marine x3  
  124  12:49  Marauder, Marine  
  132  12:56  Marine x2  
  131  12:59  Marine  
  131  13:03  Marine x2  
  120  13:05  Marine  
  120  13:06  Marine x2  
  120  13:08  Marine  
  120  13:09  Marine  
  108  13:15  Marine x2  
  104  13:20  Marine x2  
  106  13:28  Marine x2  
  106  13:29  Factory Tech Lab  
Show
View Real Time Build Order
Export as new Build Order

Maya Zerg 

Build Orders: Hatch First 

Get SALT Encoding   

  12  0:00  Drone  
  13  0:12  Overlord  
  13  0:17  Drone  
  14  0:30  Drone x2  
  14  0:34  Drone  
  17  0:52  Hatchery  
  17  0:55  Drone  
  17  0:58  Drone  
  18  1:10  Extractor  
  17  1:14  Spawning Pool  
  17  1:17  Drone  
  17  1:19  Drone  
  18  1:29  Drone  
  19  1:43  Overlord  
  19  1:53  Drone  
  20  2:01  Queen  
  20  2:02  Zergling x2  
  20  2:03  Queen  
  20  2:04  Zergling x2  
  26  2:21  Hatchery  
  25  2:25  Metabolic Boost  
  25  2:29  Drone  
  26  2:34  Drone  
  27  2:41  Queen  
  29  2:48  Pneumatized Carapace  
  29  2:53  Drone  
  29  2:54  Drone  
  31  3:00  Drone x2  
  33  3:14  Drone  
  33  3:15  Drone x2  
  33  3:16  Overlord  
  33  3:19  Overlord  
  36  3:31  Spore Crawler  
  36  3:32  Queen  
  37  3:35  Spore Crawler  
  37  3:37  Extractor  
  37  3:39  Zergling x2  
  37  3:40  Zergling x4  
  38  3:47  Drone x3  
  41  3:52  Queen, Overlord  
  45  3:57  Zergling x2  
  45  4:02  Drone x3  
  49  4:08  Overlord  
  49  4:10  Queen  
  49  4:12  Overlord  
  51  4:18  Drone x3  
  51  4:22  Drone x3  
  57  4:30  Queen  
  59  4:36  Drone x2  
  61  4:40  Drone  
  61  4:41  Overlord  
  61  4:43  Zergling x6  
  65  4:48  Zergling x4  
  65  4:49  Zergling x4  
  69  4:53  Zergling x2  
  69  4:59  Drone, Evolution Chamber  
  70  5:00  Drone, Evolution Chamber  
  70  5:03  Zergling x8  
  70  5:06  Drone  
  75  5:19  Drone  
  75  5:20  Drone x2  
  73  5:29  Drone x3  
  76  5:36  Zergling x4  
  76  5:42  Extractor  
  77  5:43  Zerg Melee Weapons Level 1, Zerg Ground Armor Level 1  
  77  5:44  Queen  
  77  5:45  Spore Crawler  
  77  5:46  Queen  
  80  5:55  Zergling x4  
  80  5:56  Overlord x3  
  80  5:57  Overlord  
  82  6:01  Hatchery  
  79  6:22  Drone  
  79  6:23  Drone x10  
  90  6:27  Lair  
  90  6:32  Queen  
  92  6:38  Hatchery  
  92  6:39  Drone x7  
  98  6:43  Extractor  
  98  6:45  Extractor  
  98  6:46  Drone x3  
  99  6:59  Drone x6  
  105  7:06  Baneling Nest  
  104  7:10  Zergling x4, Hatchery  
  104  7:12  Overlord  
  105  7:22  Extractor  
  104  7:23  Drone, Extractor  
  104  7:24  Drone x2  
  104  7:28  Hatchery  
  105  7:30  Queen  
  105  7:34  Hydralisk Den, Overlord x2  
  105  7:35  Overlord  
  106  7:45  Drone  
  106  7:46  Overlord x5  
  106  7:58  Spore Crawler  
  105  8:00  Spore Crawler  
  105  8:04  Drone x2  
  105  8:05  Drone x7  
  113  8:10  Centrifical Hooks  
  113  8:11  Muscular Augments  
  113  8:12  Zerg Ground Armor Level 2  
  113  8:13  Infestation Pit  
  113  8:14  Zerg Melee Weapons Level 2  
  113  8:15  Zergling x2  
  113  8:16  Zergling x8  
  113  8:18  Overseer  
  113  8:19  Zergling x2  
  118  8:25  Drone x2  
  120  8:28  Overlord x4  
  120  8:36  Baneling x9  
  120  8:37  Baneling x3, Zergling x8  
  120  8:41  Overseer  
  124  8:42  Zergling x8  
  126  8:58  Zergling x24  
  137  9:12  Overlord x5  
  137  9:15  Hive  
  136  9:18  Extractor  
  136  9:19  Zergling x14, Extractor  
  136  9:20  Zergling x6  
  143  9:24  Hydralisk x4  
  143  9:25  Hydralisk  
  143  9:27  Baneling x6  
  143  9:28  Baneling x2  
  149  9:38  Zergling x14  
  141  9:56  Drone x7  
  141  9:57  Drone x3  
  151  10:02  Hydralisk x7  
  165  10:08  Hydralisk x2, Spore Crawler  
  165  10:11  Baneling x9  
  168  10:15  Zergling x6  
  168  10:20  Baneling  
  168  10:21  Baneling x10  
  171  10:22  Hatchery  
  171  10:26  Zergling x10  
  175  10:34  Baneling x6  
  175  10:35  Baneling x2  
  145  10:58  Hydralisk x12  
  145  11:02  Hydralisk  
  145  11:03  Zergling x8  
  148  11:06  Baneling x3  
  148  11:08  Zergling x6  
  151  11:15  Hatchery  
  147  11:24  Hydralisk, Zergling x2  
  147  11:25  Zergling x20  
  152  11:30  Zergling x2  
  145  11:35  Hydralisk  
  145  11:36  Hydralisk x4  
  148  11:44  Zergling x10  
  139  11:51  Zergling x6  
  142  11:54  Baneling x2  
  142  11:56  Zergling x4  
  142  12:00  Hydralisk x3, Baneling x12  
  150  12:03  Hydralisk  
  150  12:06  Ultralisk Cavern  
  151  12:11  Zergling x8  
  155  12:16  Zergling x4  
  157  12:25  Hydralisk x5  
  157  12:28  Baneling x7  
  165  12:37  Zergling x22  
  170  12:51  Zergling x16  
  175  12:56  Ultralisk  
  180  13:04  Hydralisk x3, Zergling x6  
  129  13:13  Hydralisk x4  
  129  13:17  Zergling x10  
  118  13:20  Zergling x4  
  118  13:24  Baneling x2  
  118  13:25  Baneling  
  118  13:26  Baneling x3  
Tags
 
Add a new tag
Caveats
  • Supply blocks, unpowered buildings, or Contaminate may cause inaccurate times.
  • Supply counts are checked every 10 seconds.